 Dungeon Crawl Stone Soup version 0.21.1-1-g345015f (webtiles) character file.

33090 Hebeh the Blocker (level 13, -1/120 HPs)
             Began as a Deep Dwarf Fighter on June 21, 2018.
             Was a High Priest of Makhleb.
             Slain by a two-headed ogre
             ... wielding a +0 giant club
              (6 damage)
             ... on level 11 of the Dungeon.
             The game lasted 01:59:54 (15105 turns).

Hebeh the Blocker (Deep Dwarf Fighter)             Turns: 15105, Time: 01:59:55

Health: -1/120     AC: 17    Str: 26    XL:     13   Next: 34%
Magic:  0/7        EV:  7    Int: 15    God:    Makhleb [*****.]
Gold:   864        SH: 15    Dex: 12    Spells: 12/12 levels left

rFire    . . .     SeeInvis .   B - +4 short sword of Spite {vamp, *Drain +Fly Int+7}
rCold    . . .     Gourm    .   c - +1 shield
rNeg     + . .     Faith    .   E - +0 plate armour
rPois    +         Spirit   +   g - +0 helmet
rElec    .         Reflect  .   v - scarf {Spirit}
rCorr    .         Harm     +   (no gloves)
MR       +....                  i - +0 pair of boots
Stlth    ..........             h - amulet of harm
HPRegen  0.00/turn              x - ring of poison resistance
MPRegen  0.10/turn              F - ring of positive energy

@: non-regenerating
A: damage resistance, heal wounds, sense surroundings 2, no regeneration
a: Heal Wounds, Minor Destruction, Lesser Servant of Makhleb, Major Destruction,
Greater Servant of Makhleb, Renounce Religion, Evoke Flight


You were on level 11 of the Dungeon.
You worshipped Makhleb.
Makhleb was extremely pleased with you.
You were hungry.

You visited 3 branches of the dungeon, and saw 17 of its levels.

You collected 1016 gold pieces.
You spent 152 gold pieces at shops.

Inventory:

Hand Weapons
 a - a +1 war axe of protection
 e - a +6 flail of draining
 B - the +4 short sword of Spite (weapon) {vamp, *Drain +Fly Int+7}
   (You found it on level 4 of the Dungeon)

   It inflicts no extra harm, but heals its wielder when it wounds a living foe.
   It affects your intelligence (+7).
   It lets you fly.
   It causes draining when unequipped.
 D - the +8 falchion of Pimeut {antimagic, MR+ Str+4 Int+2 Dex-5}
   (You found it on level 6 of the Dungeon)

   It reduces the magical energy of the wielder, and disrupts the spells and
   magical abilities of those hit.
   Natural abilities and divine invocations are not affected.
   It affects your strength (+4).
   It affects your intelligence (+2).
   It affects your dexterity (-5).
   It affects your resistance to hostile enchantments.
 Q - a +0 morningstar of draining
 R - the +8 whip "Snakebite" {curare, rPois}
   (You found it on level 3 of the Lair of Beasts)

   It poisons the flesh of those it strikes.
   It protects you from poison.
 S - a +1 vampiric hand axe
Armour
 c - a +1 shield (worn)
 g - a +0 helmet (worn)
 i - a +0 pair of boots (worn)
 v - a scarf of spirit shield (worn)
 E - a +0 plate armour (worn)
Jewellery
 h - an amulet of harm (around neck)
 x - a ring of poison resistance (left hand)
 C - a +4 ring of evasion
 F - a ring of positive energy (right hand)
 I - a +2 ring of protection
Wands
 p - a wand of scattershot (5)
 K - a wand of flame (85)
 L - a wand of disintegration (12)
 U - a wand of digging (7)
 W - a wand of clouds (4)
Scrolls
 b - 3 scrolls of fear
 l - 5 scrolls of remove curse
 n - 3 scrolls of enchant weapon
 q - 4 scrolls of immolation
 r - 5 scrolls of teleportation
 s - 2 scrolls of blinking
 y - a scroll of enchant armour
Potions
 d - 4 potions of might
 j - 2 potions of resistance
 k - 6 potions of curing
 m - a potion of heal wounds
 u - 4 potions of lignification
 w - a potion of degeneration {unknown}
 A - 3 potions of flight {unknown}
 H - 2 potions of haste
 M - a potion of brilliance {unknown}
 N - 2 potions of magic {unknown}
 O - a potion of berserk rage {unknown}
 P - 2 potions of invisibility {unknown}
 T - a potion of agility {unknown}
Books
 o - a book of Conjurations

   Spells                             Type                      Level
   a - Magic Dart                     Conjuration                  1
   b - Searing Ray                    Conjuration                  2
   c - Dazzling Spray                 Conjuration/Hexes            3
   d - Fulminant Prism                Conjuration/Hexes            4
   e - Force Lance                    Conjuration/Translocation    4
   f - Iskenderun's Mystic Blast      Conjuration                  4
 G - a book of Frost

   Spells                             Type                      Level
   a - Freeze                         Ice                          1
   b - Throw Frost                    Conjuration/Ice              2
   c - Ozocubu's Armour               Charms/Ice                   3
   d - Throw Icicle                   Conjuration/Ice              4
   e - Summon Ice Beast               Ice/Summoning                4
 J - a book of Changes

   Spells                             Type                      Level
   a - Beastly Appendage              Transmutation                1
   b - Sticks to Snakes               Transmutation                2
   c - Spider Form                    Transmutation/Poison         3
   d - Ice Form                       Ice/Transmutation            4
   e - Blade Hands                    Transmutation                5
 V - a Young Poisoner's Handbook

   Spells                             Type                      Level
   a - Sting                          Conjuration/Poison           1
   b - Poisonous Vapours              Poison/Air                   2
   c - Mephitic Cloud                 Conjuration/Poison/Air       3
   d - Olgreb's Toxic Radiance        Poison                       4
   e - Venom Bolt                     Conjuration/Poison           5
Miscellaneous
 t - a fan of gales
Comestibles
 f - 18 rations
 z - 9 chunks of flesh


   Skills:
 - Level 8.8 Fighting
 * Level 10.8 Short Blades
 - Level 5.2(5.3) Axes
 - Level 0.7(3.0) Maces & Flails
 - Level 10.4 Armour
 * Level 13.7 Shields
 - Level 10.0 Evocations


You had 12 spell levels left.
You didn't know any spells.

Dungeon Overview and Level Annotations

Branches:
Dungeon (11/15)            Temple (1/1) D:7            Lair (5/6) D:9
  Swamp (0/4) Lair:4       Spider (0/4) Lair:3          Orc (0/2) D:10
  Slime: Lair:5-6

Altars:
Ashenzari
Cheibriados
Elyvilon
Fedhas
Hepliaklqana
Makhleb
Nemelex Xobeh
Okawaru
Qazlal
Ru
Trog
Uskayaw
Vehumet
Wu Jian
Xom
Yredelemnul
Zin
The Shining One
Beogh

Shops:
D:10 ?


Innate Abilities, Weirdness & Mutations

You are resistant to damage.
You can heal yourself by infusing magical energy.
You passively map the area around you.
You do not regenerate.


Message History

The two-headed ogre is moderately wounded.
You hit the two-headed ogre.
You feel better.
The two-headed ogre is heavily wounded.
The two-headed ogre hits you with a giant club!
The two-headed ogre hits you with a giant spiked club!!
You puncture the two-headed ogre!
You feel better.
The two-headed ogre is heavily wounded.
You hit the two-headed ogre.
The two-headed ogre is heavily wounded.
The two-headed ogre hits you with a giant club!!
* * * LOW HITPOINT WARNING * * *
The two-headed ogre hits you with a giant spiked club!
* * * LOW HITPOINT WARNING * * *
You feel much better.
You block the two-headed ogre's attack. x2
You fail to use your ability.
You fail to use your ability.
The two-headed ogre hits you with a giant club!
* * * LOW HITPOINT WARNING * * *
The two-headed ogre hits you with a giant spiked club!
You die...

#.#.* * * , #.#.##
*#.,#.# ..... ..#.#
#..# * #.#.#
#..#####.#.##
##########
#...........
........., *
#####.#####.#>#
#....("O. [.<...#
#.#.#####.#* ***
###########.....@O..#
## #........#######
.# #.######## .# #.#
.# #.# .# #.# .# #.#
.## #.# ..# ##.#


You could see a two-headed ogre.

Vanquished Creatures
  Gastronok (Lair:3)
  3 hydras
  3 two-headed ogres
  Nergalle (Lair:2)
  2 skeletal warriors (D:10)
  2 fire crabs
  Pikel (D:6)
  6 black mambas
  7 spiny frogs
  4 rime drakes
  8 komodo dragons
  2 trolls
  3 polar bears (Lair:3)
  A hornet (D:9)
  5 blink frogs
  Prince Ribbit (D:8)
  A hippogriff (Lair:2)
  A wyvern (D:7)
  3 wraiths
  2 basilisks (Lair:3)
  A human (D:10)
  22 yaks
  3 hungry ghosts
  A steam dragon (D:11)
  Edmund (D:4)
  9 water moccasins
  10 porcupines
  5 orc warriors
  Purgy (D:3)
  An ice beast (D:4)
  A slave (D:6)
  A black bear (D:6)
  2 sky beasts
  4 phantoms
  2 necrophages
  4 ogres
  15 wolves
  4 centaurs
  12 crocodiles
  A big kobold (D:10)
  11 bullfrogs
  A gnoll sergeant (D:8)
  A wyvern skeleton (D:7)
  A water moccasin skeleton (D:11)
  4 scorpions
  7 wights
  2 crimson imps
  7 howler monkeys
  2 quasits
  3 centaur zombies
  6 hounds
  6 orc priests
  3 centaur skeletons
  5 human zombies (D:8)
  A bullfrog skeleton (D:4)
  3 iguanas
  Ijyb (D:4)
  3 human skeletons (D:8)
  8 orc wizards
  6 worker ants
  A hound skeleton (D:4)
  2 worker ant zombies
  Robin (D:3)
  7 gnolls
  15 adders
  4 river rats (D:5)
  A howler monkey skeleton (D:7)
  4 shadow imps
  4 oozes
  2 adder skeletons
  An adder zombie (D:9)
  7 worms
  5 dart slugs
  2 leopard geckos
  37 orcs
  6 giant cockroaches
  15 goblins
  11 hobgoblins
  9 jackals
  6 quokkas
  A ball python (D:1)
  7 bats
  5 frilled lizards
  A giant cockroach zombie (D:4)
  A jackal skeleton (D:5)
  13 kobolds
  A leopard gecko skeleton (D:4)
  An orc skeleton (D:8)
  6 rats
  3 plants
417 creatures vanquished.

Vanquished Creatures (others)
  A jelly (D:6)
  An orc priest (D:6)
  An orc (D:6)
  A kobold (D:10)
  2 fungi
  9 plants
15 creatures vanquished.

Grand Total: 432 creatures vanquished

Notes
Turn   | Place    | Note
-------+----------+-------------------------------------------
     0 | D:1      | Hebeh the Deep Dwarf Fighter began the quest for the Orb.
     0 | D:1      | Reached XP level 1. HP: 20/20 MP: 1/1
    52 | D:1      | Reached XP level 2. HP: 27/27 MP: 2/2
   187 | D:1      | Reached XP level 3. HP: 24/34 MP: 3/3
   786 | D:2      | Reached XP level 4. HP: 24/42 MP: 4/4
   867 | D:2      | Reached skill level 4 in Shields
  1042 | D:2      | Found a snail-covered altar of Cheibriados.
  1261 | D:3      | Noticed Purgy
  1291 | D:3      | Killed Purgy
  1291 | D:3      | Reached XP level 5. HP: 42/50 MP: 5/5
  1384 | D:3      | Noticed Robin
  1405 | D:3      | Killed Robin
  1530 | D:3      | Found a white marble altar of Elyvilon.
  1532 | D:3      | Found a shimmering altar of Xom.
  1535 | D:3      | Found a hide-covered altar of Uskayaw.
  1694 | D:3      | Noticed a phantom
  1723 | D:3      | Killed a phantom
  1723 | D:3      | Reached XP level 6. HP: 32/57 MP: 6/6
  1847 | D:4      | Noticed Edmund
  1882 | D:4      | Killed Edmund
  1882 | D:4      | Reached skill level 5 in Armour
  1882 | D:4      | Reached skill level 5 in Shields
  1923 | D:4      | Reached XP level 7. HP: 64/64 MP: 0/7
  1951 | D:4      | Noticed Ijyb
  1956 | D:4      | Killed Ijyb
  2145 | D:4      | Reached skill level 5 in Axes
  2148 | D:4      | Got a translucent short sword
  2151 | D:4      | Identified the +4 short sword of Spite {vamp, *Drain +Fly Int+7} (You found it on level 4 of the Dungeon)
  2213 | D:4      | Found a large runed door.
  2213 | D:4      | Found a large runed door.
  2310 | D:4      | Found a large runed door.
  2310 | D:4      | Found a large runed door.
  2389 | D:4      | Reached skill level 1 in Evocations
  2596 | D:5      | Entered Level 5 of the Dungeon
  2640 | D:5      | Reached skill level 6 in Shields
  2788 | D:5      | Reached skill level 1 in Short Blades
  2788 | D:5      | Reached XP level 8. HP: 73/73 MP: 0/9
  2982 | D:5      | Reached skill level 5 in Fighting
  3217 | D:5      | Found a glowing drain.
  3762 | D:6      | Got an ancient falchion
  3763 | D:6      | Identified the +8 falchion of Pimeut {antimagic, MR+ Str+4 Int+2 Dex-5} (You found it on level 6 of the Dungeon)
  3835 | D:6      | Reached skill level 7 in Shields
  3899 | D:6      | Noticed Pikel
  3931 | D:6      | Killed Pikel
  3931 | D:6      | Gained mutation: You passively map the area around you. [Deep Dwarf growth]
  3931 | D:6      | Reached XP level 9. HP: 78/81 MP: 0/9
  4472 | D:7      | Noticed a komodo dragon
  4488 | D:7      | Killed a komodo dragon
  4488 | D:7      | Reached skill level 8 in Shields
  4505 | D:7      | Found a staircase to the Ecumenical Temple.
  4521 | Temple   | Entered the Ecumenical Temple
  4631 | Temple   | Became a worshipper of Makhleb the Destroyer
  5094 | D:7      | Reached skill level 5 in Evocations
  5248 | D:8      | Noticed a two-headed ogre
  5413 | D:8      | Killed a two-headed ogre
  5413 | D:8      | Reached skill level 5 in Short Blades
  5413 | D:8      | Reached XP level 10. HP: 35/91 MP: 0/10
  5444 | D:8      | Reached * piety under Makhleb
  5444 | D:8      | Reached skill level 9 in Shields
  5633 | D:8      | Found a basalt altar of Yredelemnul.
  5683 | D:8      | Noticed Prince Ribbit
  5702 | D:8      | Killed Prince Ribbit
  5810 | D:8      | Noticed a two-headed ogre
  5829 | D:8      | Killed a two-headed ogre
  6190 | D:8      | Reached ** piety under Makhleb
  6693 | D:8      | Reached skill level 10 in Shields
  6829 | D:9      | Found a staircase to the Lair.
  7447 | Lair:1   | Entered Level 1 of the Lair of Beasts
  7447 | Lair:1   | Noticed a spiny frog
  7464 | Lair:1   | Killed a spiny frog
  7671 | Lair:2   | Noticed a spiny frog
  7818 | Lair:1   | Reached XP level 11. HP: 100/100 MP: 0/12
  7980 | Lair:1   | Noticed a fire crab
  8012 | Lair:1   | Killed a fire crab
  8528 | Lair:1   | Reached *** piety under Makhleb
  8619 | Lair:2   | Reached skill level 11 in Shields
  8743 | Lair:2   | HP: 2/100 [rime drake/flash freeze (27)]
  9923 | Lair:3   | Noticed Gastronok
 10034 | Lair:3   | Noticed Nergalle
 10045 | Lair:3   | Noticed a spectral orc warlord
 10106 | Lair:2   | Killed Nergalle
 10106 | Lair:2   | Reached XP level 12. HP: 65/110 MP: 0/7
 10122 | Lair:3   | Found a stormy altar of Qazlal.
 10130 | Lair:3   | Found a hole to the Spider Nest.
 10266 | Lair:3   | Noticed a six-headed hydra
 10297 | Lair:3   | Killed a six-headed hydra
 10537 | Lair:3   | Killed Gastronok
 10537 | Lair:3   | Reached skill level 12 in Shields
 10568 | Lair:3   | Reached **** piety under Makhleb
 10878 | Lair:3   | Found the +8 whip "Snakebite" {curare, rPois}
 11901 | Lair:4   | Reached skill level 10 in Armour
 12217 | Lair:4   | Found a staircase to the Swamp.
 12308 | Lair:4   | Noticed a seven-headed hydra
 12436 | Lair:3   | Killed a seven-headed hydra
 12436 | Lair:3   | Reached skill level 10 in Evocations
 12801 | Lair:4   | Reached skill level 10 in Short Blades
 13019 | D:10     | Entered Level 10 of the Dungeon
 13139 | D:10     | Noticed an eight-headed hydra
 13259 | D:10     | Reached skill level 13 in Shields
 13297 | D:10     | Reached XP level 13. HP: 118/118 MP: 0/8
 13851 | D:10     | Reached ***** piety under Makhleb
 14190 | D:10     | Found Osoybiets's Magic Scroll Shoppe.
 14205 | D:10     | Bought a scroll of fear for 56 gold pieces
 14205 | D:10     | Bought a scroll of identify for 32 gold pieces
 14205 | D:10     | Bought a scroll of identify for 32 gold pieces
 14205 | D:10     | Bought a scroll of identify for 32 gold pieces
 14219 | D:10     | Found a staircase to the Orcish Mines.
 14256 | D:10     | Found a roughly hewn altar of Beogh.
 15102 | D:11     | HP: 2/120 [two-headed ogre/giant club (12)]
 15105 | D:11     | Slain by a two-headed ogre

Skill      XL: |  1  2  3  4  5  6  7  8  9 10 11 12 |
---------------+-------------------------------------+-----
Fighting       | 3 4 5 6 7 8 |  8.8
Axes           | 3 4 5 |  5.2
Armour         | 4 5 6 7 8 9 10 | 10.4
Shields        | 4 5 6 7 8 10 11 13 | 13.7
Evocations     | 1 3 5 7 8 10 | 10.0
Short Blades   | 1 3 5 7 8 10 | 10.8
Maces & Flails | |  0.7

Action                   |  1- 3 |  4- 6 |  7- 9 | 10-12 | 13-15 || total
-------------------------+-------+-------+-------+-------+-------++-------
Melee: War axe           |    74 |   165 |       |       |       ||   239
       Flail             |       |     1 |    32 |       |       ||    33
       Short sword       |       |       |   562 |  1517 |   494 ||  2573
 Abil: Heal Wounds       |       |     6 |    16 |    35 |     6 ||    63
Evoke: Fan of gales      |       |       |       |     1 |       ||     1
  Use: Scroll            |     1 |    10 |     6 |     8 |     4 ||    29
       Potion            |       |       |     1 |     1 |     1 ||     3
  Eat: Chunk             |       |     4 |     7 |    16 |     5 ||    32
       Ration            |       |       |     3 |     4 |     1 ||     8
Armor: Scale mail        |    30 |    17 |   108 |       |       ||   155
       Ring mail         |    20 |    78 |       |       |       ||    98
       Plate armour      |       |       |    71 |   681 |   172 ||   924
Dodge: Dodged            |    40 |    70 |   147 |   396 |    64 ||   717
Block: Shield            |    42 |   127 |   283 |  1051 |   270 ||  1773
